 Dungeon Crawl Stone Soup version 0.31.0-1-g2c135a008e (webtiles) character file.

Game seed: 6687898926225418987

7 qw the Shooter (level 2, -1/23 HPs)
             Began as a Djinni Hunter on Jan 23, 2024.
             Engulfed by a cloud of flame (9 damage)
             ... on level 1 of the Dungeon.
             The game lasted 00:00:00 (140 turns).

qw the Shooter (Djinni Hunter)                       Turns: 140, Time: 00:00:00

Health: -1/23      AC:  3    Str: 10    XL:     2   Next: 5%
Gold:   0          EV: 12    Int: 10    God:
                   SH:  0    Dex: 16

rFire   + + .        a - +0 shortbow
rCold   x . .        (shield currently unavailable)
rNeg    . . .        c - +0 leather armour
rPois   inf          (no helmet)
rElec   .            (no cloak)
rCorr   .            (no gloves)
SInv    .            (boots unavailable)
Will    .....        (no amulet)
Stlth   +            (no ring)
HPRegen 0.23/turn    (no ring)
MPRegen 0.00/turn

%: infuse magic (-2 HP)
@: flying
A: sickness immunity, fire resistance 2, cold vulnerability 1, float, innate
caster, HP casting, extra vitality 1
a: no special abilities


You were on level 1 of the Dungeon.
You visited 1 branch of the dungeon, and saw 1 of its levels.


Innate Abilities, Weirdness & Mutations

You are immune to sickness and miasma.
You are immune to poison.
Your flesh is very heat resistant. (rF++)
You are vulnerable to cold. (rC-)
You float through the air rather than walking.
You learn spells naturally, not from books.
Your magical power is your life essence.
You have superior vitality. (+4 MHP)


   Skills:
 - Level 2.0 Fighting
 + Level 3.6 Ranged Weapons
 - Level 2.1 Dodging
 - Level 0.7 Stealth You didn't know any spells. Your spell library was empty.

Inventory:

Hand Weapons
 a - a +0 shortbow (weapon)
Armour
 c - a +0 leather armour (worn)
Scrolls
 h - a scroll of enchant armour
Potions
 d - a potion of curing {unknown}
 g - a potion of ambrosia {unknown}

Dungeon Overview and Level Annotations

Branches:
Dungeon (1/15)

Altars:


Message History

You shoot an arrow. The arrow hits the goblin.
You kill the goblin!
h - 2 scrolls labelled IFFEOJ VE SUOR As you open the door, it creaks loudly!
The endoplasm quivers.
The bat hits the plant.
The plant begins to die.
Found a faded altar of an unknown god.
125 ||| READING scroll labelled RITECZIHACH.
As you read the scroll labelled RITECZIHACH, it crumbles to dust.
It is a scroll of amnesia.
You feel forgetful for a moment.
The bat hits the plant.
126 ||| READING scroll labelled QOIREUK FITUTOWAA.
As you read the scroll labelled QOIREUK FITUTOWAA, it crumbles to dust.
The creatures around you are filled with an inner flame!
It was a scroll of immolation.
127 ||| READING 2 scrolls labelled IFFEOJ VE SUOR.
As you read the scroll labelled IFFEOJ VE SUOR, it crumbles to dust.
It is a scroll of enchant armour.
127 ||| ENCHANTING +0 shortbow.
128 ||| DROPPING scroll of butterflies.
You drop a scroll of butterflies.
Enter note: A nearby plant withers and dies.
There is an open door here.
Found Sif Muna's Compilation of Brumal Incineration.
Enter note: You reach down and open the door.
The bat hits you but does no damage.
Enter note:
Enter note: You shoot an arrow.
The arrow closely misses the bat.
The bat completely misses you.
You shoot an arrow.
The arrow hits the bat but does no damage.
The bat hits you but does no damage. The bat hits you. The bat misses you.
You shoot an arrow. The arrow hits the endoplasm!
The endoplasm explodes!
The fiery explosion engulfs you! You resist.
Ouch! That really hurt!
The fiery explosion engulfs the bat!!
You kill the bat!
You are engulfed in blazing flames.
You resist.
You die...

#.# #.#
#.#######.##
#........?.#
#####...#'#####
#####P....#
#8###.# #.. #.#
#.#¤#¤# ..#.'@#
_.##### ..## :#


There were no monsters in sight!

Vanquished Creatures
  A dart slug (D:1)
  2 endoplasms (D:1)
  2 goblins (D:1)
  A bat (D:1)
  A frilled lizard (D:1)
7 creatures vanquished.

Notes
Turn   | Place    | Note
-------+----------+-------------------------------------------
     0 | D:1      | qw the Djinni Hunter began the quest for the Orb.
     0 | D:1      | Reached XP level 1. HP: 18/18 MP: 0/0
     0 | D:1      | 0 ||| qw: Version: 0.3-a-135-gb77e89d
     0 | D:1      | 0 ||| qw: Game counter: 809
     0 | D:1      | 0 ||| qw: Melee chars always use a shield: true
     0 | D:1      | 0 ||| qw: God list: Okawaru
     0 | D:1      | 0 ||| qw: Allow faded altars: false
     0 | D:1      | 0 ||| qw: Do Orc after clearing Dungeon:15 true
     0 | D:1      | 0 ||| qw: Do second Lair branch before Depths: true
     0 | D:1      | 0 ||| qw: Lair rune preference: random
     0 | D:1      | 0 ||| qw: Goals: Normal
     0 | D:1      | 0 ||| PLANNING D:1-11
    53 | D:1      | Reached XP level 2. HP: 20/23 MP: 0/0
   124 | D:1      | Found a faded altar of an unknown god.
   125 | D:1      | 125 ||| READING scroll labelled RITECZIHACH.
   126 | D:1      | 126 ||| READING scroll labelled QOIREUK FITUTOWAA.
   127 | D:1      | 127 ||| READING 2 scrolls labelled IFFEOJ VE SUOR.
   127 | D:1      | 127 ||| ENCHANTING +0 shortbow.
   128 | D:1      | 128 ||| DROPPING scroll of butterflies.
   140 | D:1      | Engulfed by a cloud of flame

Levels and vault maps discovered:
D:1:      spicycebolla_green_bress_n_ham, layout_loops_ring,
          shapermc_ecumenical_altar_ellora

Action                     || total
---------------------------++-------
   Fire: Shortbow          ||    16
    Use: Scroll            ||     3
 Armour: Leather armour    ||     5
  Dodge: Dodged            ||     3

Table legend:
 A = Non-vault XP
 B = Vault XP
 C = Vault XP percentage of total XP
 D = Non-vault monster count
 E = Vault monster count
 F = Vault count percentage of total count
                 A         B        C        D         E       F
            +---------+---------+-------+---------+---------+-------
      Total |      13 |       0 |   0.0 |       7 |       0 |   0.0
            +---------+---------+-------+---------+---------+-------
        D:1 |      13 |       0 |   0.0 |       7 |       0 |   0.0
            +---------+---------+-------+---------+---------+-------
